 Dungeon Crawl Stone Soup version 0.27.0-1-g7a089689b8 (webtiles) character file.

Game seed: 9035813445987629151

441 thirtiethelement the Skirmisher (level 6, 0/49 HPs)
             Began as a Demonspawn Abyssal Knight on Aug 14, 2021.
             Was a Believer of Lugonu.
             Succumbed to a scorpion's poison
             ... on level 4 of the Dungeon.
             The game lasted 00:07:37 (3944 turns).

thirtiethelement the Skirmisher (DsAK)              Turns: 3944, Time: 00:07:38

Health: 0/49       AC: 12    Str: 14    XL:     6   Next: 71%
Magic:  4/8        EV:  6    Int: 14    God:    Lugonu [**....]
Gold:   217        SH:  0    Dex: 12    Spells: 5/5 levels left

rFire    . . .     SeeInvis .   a - +1 falchion
rCold    . . .     Faith    .   (no shield)
rNeg     . . .     Spirit   .   u - +1 chain mail {rPois}
rPois    +         Reflect  .   f - +2 hat
rElec    .         Harm     .   (no cloak)
rCorr    +         Rampage  .   (no gloves)
Will     .....                  (no boots)
Stlth    ..........             (no amulet)
HPRegen  0.16/turn              m - ring of resist corrosion
MPRegen  0.11/turn              (no ring)

@: lethally poisoned (0 -> -11), attractive
A: hooves 2, horns 1, MP-powered wands
a: Renounce Religion, Depart the Abyss, Bend Space


You were on level 4 of the Dungeon.
You worshipped Lugonu.
Lugonu was pleased with you.
You visited 1 branch of the dungeon, and saw 4 of its levels.
You visited the Abyss 1 time.

You collected 217 gold pieces.

Inventory:

Hand Weapons
 a - a +1 falchion (weapon)
 t - a +0 long sword
Armour
 f - a +2 hat (worn)
 u - a +1 chain mail of poison resistance (worn)
Magical Staves
 o - a staff of poison
Jewellery
 m - a ring of resist corrosion (left hand)
Wands
 d - a wand of acid (4)
 k - a wand of polymorph (8)
Scrolls
 c - a scroll of silence {unknown}
 e - 2 scrolls of teleportation {unknown}
 g - 2 scrolls of enchant armour {unknown}
 h - a scroll of holy word {unknown}
 j - a scroll of acquirement {unknown}
 n - a scroll of fear {unknown}
 p - 2 scrolls of vulnerability {unknown}
 q - a scroll of identify {unknown}
 s - 3 scrolls of enchant weapon {unknown}
Potions
 l - a potion of flight {unknown}
 r - a potion of curing {unknown}


   Skills:
 + Level 4.5 Fighting
 + Level 4.0 Long Blades
 + Level 3.8 Armour
 + Level 1.8 Dodging
 + Level 0.4 Stealth
 + Level 2.9 Invocations
 + Level 0.3 Evocations


You had 5 spell levels left.
You didn't know any spells.
Your spell library was empty.

Dungeon Overview and Level Annotations

Branches:
Dungeon (4/15)
 Temple: D:4-7

Altars:
Sif Muna


Innate Abilities, Weirdness & Mutations

You have hoof-like feet.
You have a pair of small horns on your head.
You expend magic power (3 MP) to strengthen your wands.


Message History

You kill the howler monkey!
Lugonu accepts your kill.
You hit the adder skeleton. You kick the adder skeleton!
The adder skeleton is heavily damaged.
The adder skeleton bites you but does no damage.
You hit the adder skeleton.
The adder skeleton is severely damaged.
The adder skeleton barely misses you.
You hit the adder skeleton.
You destroy the adder skeleton!
Lugonu accepts your kill.
You closely miss the scorpion. You headbutt the scorpion.
The scorpion is moderately wounded.
The scorpion stings you.
* * * LOW HITPOINT WARNING * * *
You barely miss the scorpion.
The scorpion is moderately wounded.
The scorpion barely misses you. The scorpion stings you.
* * * LOW HITPOINT WARNING * * *
You closely miss the scorpion. Your kick misses the scorpion.
The scorpion is moderately wounded.
The scorpion stings you but does no damage.
You hit the scorpion. You kick the scorpion.
The scorpion is heavily wounded.
The scorpion stings you.
* * * LOW HITPOINT WARNING * * *
You hit the scorpion.
You headbutt the scorpion, but do no damage.
The scorpion is severely wounded.
The scorpion stings you.
* * * LOW HITPOINT WARNING * * *
You are lethally poisoned!
The scorpion poisons you! The scorpion barely misses you.
You riposte.
You completely miss the scorpion. You headbutt the scorpion.
You kill the scorpion!
Lugonu accepts your kill.
Your Long Blades skill increases to level 4!
It was a potion of attraction.
You feel attractive to monsters.
You die...

.......[...[..........########
####+#........##......#
..............##......#
..>.....................
.................########
........####.#####
####+#######.#
####.........##############
†........)......@)(.<......
..........######)##########
######....# ###÷## #....#
#....# #....# #....# #....#
#....# #....# #....#
#....####....# #....#....####


There were no monsters in sight!

Vanquished Creatures
  A black bear (D:4)
  A gnoll sergeant (D:4)
  A scorpion (D:4)
  A howler monkey (D:4)
  A gnoll shaman (D:4)
  Terence (D:2)
  An orc wizard (D:4)
  2 gnolls (D:4)
  An adder skeleton (D:4)
  2 worms (D:2)
  2 dart slugs
  4 orcs (D:4)
  8 ball pythons
  4 endoplasms
  4 giant cockroaches
  4 goblins
  9 hobgoblins
  10 jackals
  3 kobolds
  3 quokkas
  3 bats (D:1)
  5 frilled lizards
  A quokka skeleton (D:4)
  7 rats
79 creatures vanquished.

Vanquished Creatures (others)
  2 starspawn tentacles (Abyss:3)
2 creatures vanquished.

Grand Total: 81 creatures vanquished

Notes
Turn   | Place    | Note
-------+----------+-------------------------------------------
     0 | Abyss:1  | thirtiethelement the Demonspawn Abyssal Knight began the
                  | quest for the Orb.
     0 | Abyss:1  | Reached XP level 1. HP: 18/18 MP: 2/2
    30 | Abyss:1  | Noticed a neqoxec
    30 | Abyss:1  | Noticed a large abomination
    32 | Abyss:1  | Gained mutation: You expend magic power (3 MP) to
                  | strengthen your wands. [a neqoxec]
    58 | Abyss:1  | Noticed a small abomination
    68 | Abyss:2  | Noticed a large abomination
    96 | Abyss:3  | Noticed a tentacled starspawn
   109 | Abyss:4  | Noticed a large abomination
   122 | Abyss:5  | Entered Level 5 of the Abyss
   150 | Abyss:5  | Noticed a hell hog
   155 | Abyss:5  | Noticed an orange demon
   155 | Abyss:5  | Noticed a sixfirhy
   156 | Abyss:5  | Noticed a cacodemon
   156 | Abyss:5  | Noticed a smoke demon
   157 | Abyss:5  | Noticed a neqoxec
   158 | D:1      | Escaped the Abyss
   224 | D:1      | Found a faded altar of an unknown god.
   462 | D:1      | Gained mutation: You have large cloven feet. [demonic
                  | ancestry]
   462 | D:1      | Reached XP level 2. HP: 7/24 MP: 0/4
   477 | D:1      | Reached * piety under Lugonu
  1141 | D:1      | Reached skill level 1 in Dodging
  1214 | D:1      | Reached XP level 3. HP: 29/29 MP: 5/5
  2168 | D:2      | Noticed Terence
  2188 | D:2      | Killed Terence
  2189 | D:2      | Gained mutation: You have hoof-like feet. [demonic
                  | ancestry]
  2189 | D:2      | Reached XP level 4. HP: 18/36 MP: 2/6
  2366 | D:2      | Reached ** piety under Lugonu
  3709 | D:4      | Noticed a black bear
  3723 | D:4      | Killed a black bear
  3724 | D:4      | Reached XP level 5. HP: 32/42 MP: 7/7
  3829 | D:4      | Found a shimmering blue altar of Sif Muna.
  3921 | D:4      | Gained mutation: You have a pair of small horns on your
                  | head. [demonic ancestry]
  3921 | D:4      | Reached XP level 6. HP: 19/48 MP: 4/8
  3944 | D:4      | Succumbed to a scorpion's poison

Illustrated notes

Levels and vault maps discovered:
D:1:      wheals_arrival_linesprint, layout_basic, serial_co_window_serial,
          co_window_paths_a, co_window_of_opportunity_a,
          co_window_of_opportunity_a, co_window_corner_a, co_window_paths_a,
          co_window_corner_b, co_window_unsneaky_path_e,
          co_window_of_opportunity_c, co_window_corner_b, co_window_corner_b,
          co_window_4corner_b, co_window_paths_e, glass_columns_a,
          glass_columns_a, glass_columns_c, glass_columns_b, glass_columns_a,
          basic_ecumenical_altar
D:2:      layout_rooms, uniq_terence
D:3:      layout_loops_corners
D:4:      lemuel_castle_with_subvaults [lemuel_castle_interior_carwin_2],
          layout_basic, led_sif_book, uniq_natasha

Skill      XL: |  1  2  3  4  5  6 |
---------------+-------------------+-----
Long Blades    | 2 3 4 |  4.0
Armour         | 2 3 |  3.8
Dodging        | 1 |  1.8
Fighting       | 4 |  4.5
Stealth        | |  0.4
Invocations    | |  2.9
Evocations     | |  0.3

Action                   |  1- 3 |  4- 6 || total
-------------------------+-------+-------++-------
Melee: Falchion          |    94 |   100 ||   194
       Kick              |    30 |    21 ||    51
       Headbutt          |       |     7 ||     7
Invok: Depart the Abyss  |     1 |       ||     1
Evoke: Wand              |     2 |     2 ||     4
  Use: Potion            |       |     1 ||     1
Armor: Leather armour    |    42 |    12 ||    54
       Chain mail        |       |    40 ||    40
Dodge: Dodged            |    74 |    41 ||   115
       Rpst.: Falchion   |    24 |     7 ||    31
